 Dungeon Crawl Stone Soup version 0.31-a0-1447-g87ca8d402b (webtiles) character file.

Game seed: 8991611550454259155

82142 LearnToWalk the Brawler (level 15, -12/152 HPs)
             Began as a Troll Fighter on Dec 27, 2023.
             Was a High Priest of Okawaru.
             Mangled by an orc warlord
             ... wielding a +0 bardiche
              (15 damage)
             ... on level 2 of the Orcish Mines.
             The game lasted 00:31:29 (18020 turns).

LearnToWalk the Brawler (Troll Fighter)            Turns: 18020, Time: 00:31:29

Health: -12/152    AC: 14    Str: 42    XL:     15   Next: 28%
Magic:  11/18      EV: 11    Int:  4    God:    Okawaru [*****.]
Gold:   113        SH: 21    Dex: 14    Spells: 14/14 levels left

rFire   + .          .
                       - Unarmed
rCold   . . .        y - +3 tower shield "Awkiawk" {rF+ Str+2 Dex+2}
rNeg    . . .        L - +2 acid dragon scales
rPois   +            (helmet restricted)
rElec   .            q - +2 cloak
rCorr   +            (gloves unavailable)
SInv    .            (boots unavailable)
Will    +....        (no amulet)
Stlth   +++          w - ring of poison resistance
HPRegen 1.25/turn    V - ring "Yhued" {Str+6 Dex+3}
MPRegen 0.16/turn

%: no passive effects
@: heroic, finesse-ful
A: large, unfitting armour, claws 3, regeneration 1, shaggy fur 1, tough skin 1
a: Renounce Religion, Heroism, Finesse, Duel


You were on level 2 of the Orcish Mines.
You worshipped Okawaru.
Okawaru was extremely pleased with you.
You visited 4 branches of the dungeon, and saw 20 of its levels.
You also visited: Ossuary.

You collected 113 gold pieces.

Inventory:

Missiles
 D - 3 throwing nets
 M - 6 large rocks (quivered)
 P - 3 silver javelins
Armour
 a - a +1 robe
 q - a +2 cloak (worn)
 y - the +3 tower shield "Awkiawk" (worn) {rF+ Str+2 Dex+2}
   (You found it on level 8 of the Dungeon)

   Str+2:     It affects your strength (+2).
   Dex+2:     It affects your dexterity (+2).
   rF+:       It protects you from fire.
 I - a +0 troll leather armour
 L - +2 acid dragon scales (worn)
Jewellery
 f - an amulet of magic regeneration
 j - a ring of flight
 o - a ring of wizardry
 s - a ring of magical power
 v - a ring of protection from cold
 w - a ring of poison resistance (left claw)
 E - a ring of ice
 J - an amulet of guardian spirit
 V - the ring "Yhued" (right claw) {Str+6 Dex+3}
   (You found it on level 5 of the Lair of Beasts)

   [ring of strength]

   Str+6:     It affects your strength (+6).
   Dex+3:     It affects your dexterity (+3).
 Y - a ring of protection from cold
Wands
 r - a wand of roots (20)
 F - a wand of flame (27)
 G - a wand of acid (14)
 N - a wand of mindburst (13)
 O - a wand of polymorph (3)
 R - a wand of digging (7)
Scrolls
 c - a scroll of brand weapon
 g - 2 scrolls of fog
 h - 2 scrolls of immolation
 n - 2 scrolls of fear
 t - 11 scrolls of noise
 u - 3 scrolls of vulnerability
 x - a scroll of blinking
 H - a scroll of revelation
 K - 3 scrolls of teleportation
 S - 7 scrolls of identify
 T - a scroll of poison
 U - a scroll of silence
Potions
 d - 4 potions of mutation
 e - 3 potions of attraction
 i - 11 potions of curing
 k - 7 potions of lignification
 l - 4 potions of brilliance
 m - 2 potions of cancellation
 p - 4 potions of haste
 z - a potion of invisibility
 A - a potion of ambrosia
 B - 6 potions of heal wounds {unknown}
 C - 5 potions of enlightenment
 Q - a potion of might
 W - a potion of resistance {unknown}
 X - a potion of magic {unknown}


   Skills:
 - Level 10.7(15.7) Fighting
 - Level 12.3(17.3) Throwing
 - Level 2.4(7.4) Dodging
 - Level 8.8(13.8) Shields
 + Level 17.7(22.7) Unarmed Combat
 - Level 5.8 Invocations


You had 14 spell levels left.
You didn't know any spells.
Your spell library contained the following spells:

 Spells                   Type           Power      Damage    Failure   Level
 Magic Dart               Conj           0%         1d3       75%         1
 Necrotise                Necr           0%         1d4       75%         1
 Blink                    Tloc           0%         N/A       87%         2
 Lesser Beckoning         Tloc           0%         N/A       87%         2
 Gell's Gravitas          Tloc           0%         N/A       98%         3
 Teleport Other           Tloc           0%         N/A       98%         3
 Vampiric Draining        Necr           0%         2d6       98%         3
 Curse of Agony           Necr           0%         N/A       100%        5
 Iskenderun's Battlesphe  Conj           0%         2d6       100%        5
 Bombard                  Conj/Erth      0%         9d1       100%        6
 Call Imp                 Summ           Unusable   N/A       N/A         2
 Martyr's Knell           Necr/Summ      Unusable   N/A       N/A         4
 Spellforged Servitor     Conj/Summ      Unusable   N/A       N/A         7

Dungeon Overview and Level Annotations

Branches:
Dungeon (12/15)            Temple (1/1) D:4            Lair (5/5) D:8
  Swamp (0/4) Lair:2        Snake (0/4) Lair:3        Slime (0/5) Lair:4
    Orc (2/2) D:12            Elf (0/3) Orc:2       Ossuary (visited)

Altars:
Ashenzari
Cheibriados
Dithmenos
Elyvilon
Fedhas
Gozag
Hepliaklqana
Kikubaaqudgha
Makhleb
Nemelex Xobeh
Okawaru
Qazlal
Ru
Sif Muna
Trog
Uskayaw
Vehumet
Wu Jian
Xom
Yredelemnul
Zin
The Shining One

Shops:
D:6 :   D:8 =   D:11 *   D:12 :

Annotations:
Lair:1 exclusion: oklob plant
Lair:4 2 transporters, exclusion: 5 oklob plants, Vorhees's ghost, journeyman OnGl


Innate Abilities, Weirdness & Mutations

You are too large for most types of armour.
You have claws for hands.
Your natural rate of healing is unusually fast.
You are covered in fur. (AC +1)
You have tough skin. (AC +1)


Message History

Okawaru accepts your kill. Okawaru grants you throwing weapons!
Something appears at your feet!
You eviscerate the orc!!!
You kill the orc!
The orc priest barely misses you. You block the orc warlord's attack.
Items here: $ ( )) / = [[ †.
You gain the combat prowess of a mighty hero.
You block the orc priest's attack.
The orc warlord hits you from afar with a +0 bardiche!!
* * * LOW HITPOINT WARNING * * *
You fail to use your ability.
You block the orc priest's attack.
The orc warlord hits you from afar with a +0 bardiche!
* * * LOW HITPOINT WARNING * * *
Unknown command.
You can now deal lightning-fast blows.
The orc priest mumbles some strange prayers to Beogh against you.
Beogh smites you!
* * * LOW HITPOINT WARNING * * *
The orc priest closely misses you.
The orc warlord hits you from afar with a +0 bardiche!
* * * LOW HITPOINT WARNING * * *
You claw the orc priest!
The orc priest is severely wounded.
You claw the orc priest!
You kill the orc priest!
Okawaru accepts your kill. You block the orc warlord's attack.
The orc warrior closely misses you.
The orc warlord hits you with a +0 bardiche!
* * * LOW HITPOINT WARNING * * *
Things that are here:
a +0 club; a +0 chain mail Unknown command.
Unknown command.
The orc warrior attacks as it pursues you!
The orc warrior hits you with a +0 flail.
* * * LOW HITPOINT WARNING * * *
The orc warlord hits you from afar with a +0 bardiche!
You die...

[######.#).)#....# ##.)##.....#
)'......#.).#....+ #...#......#
.#.####.#####.#### #...).....##.
##.#..#.)........# #........##..
##.)).#.)...####.####)8...8...8o.
+..#..#..⌠..#.o#o..ofo).......oo.
##.####.....#..oo####)8...8...8..
##..........#[.#o####...o....##
.####.#####.####@#..#...oo....##
.'....#.(.#.....)(..#...#......#
.#....#...#.#....#..##..##.....#
##....##'##.#....#####...#.....#
.#.......)..#....... #...##.....#
)'.##)###.###+#####.##... .....#
.#.#...##.# ###. #.....
##.#(..##.# #.... .#.######'#
#...


You could see an orc warlord, an orc warrior (strong), 2 orc priests and an orc
(strong).

Vanquished Creatures
  4 dire elephants (Lair:5)
  Josephine (Lair:3)
  3 hydras (Lair:2)
  Erica (Orc:1)
  A boulder beetle (D:11)
  3 catoblepae
  7 two-headed ogres
  8 death yaks (Lair:5)
  Sonja (Lair:4)
  2 spectral death yaks (Lair:5)
  A goliath frog (Lair:2)
  A spectral anaconda (Lair:5)
  An obsidian statue (Lair:5)
  A lindwurm (Lair:2)
  3 necromancers (Lair:5)
  2 deep elf pyromancers
  4 orc sorcerers
  2 cyclopes
  Maurice (Orc:2)
  An ugly thing (D:11)
  2 manticores (D:11)
  6 black mambas
  9 elephants
  4 kobold blastminers (Orc:2)
  A dire elephant zombie (Lair:5)
  13 cane toads
  2 unseen horrors
  A torpor snail (Lair:1)
  Maggie (D:10)
  Jeremiah (D:6)
  A dire elephant skeleton (Lair:5)
  3 kobold demonologists
  13 komodo dragons
  4 rime drakes
  5 trolls
  A hornet (D:9)
  2 spectral elephants (Lair:5)
  Grinder (D:3)
  33 blink frogs
  4 dream sheep (Lair:5)
  Sigmund (D:3)
  6 slime creatures (D:12)
  4 wraiths
  39 yaks
  2 shadows
  3 basilisks
  10 wyverns
  2 steam dragons
  2 wargs
  A death yak simulacrum (Lair:5)
  Menkaure (D:7)
  The ghost of TobyConnect the Gusty, an amateur OpAE (D:3)
  3 acid dragons
  14 water moccasins
  A spectral cane toad (Lair:5)
  27 orc warriors
  An elephant zombie (Lair:5)
  10 ogres
  3 black bears
  4 elephant skeletons (Lair:5)
  2 centaurs
  23 wolves
  A phantom (D:4)
  Blork the orc (D:4)
  2 weeping skulls (Ossuary)
  2 kobold brigands
  14 bullfrogs
  2 scorpions
  2 cane toad simulacra (Lair:5)
  A gnoll sergeant (D:7)
  4 wights (D:7)
  10 killer bees
  4 howler monkeys
  A bombardier beetle (D:5)
  A gnoll bouda (D:6)
  2 jellies
  17 orc priests
  Crazy Yiuf (D:3)
  Terence (D:2)
  3 iguanas
  14 orc wizards
  5 mummies (Ossuary)
  Robin (D:4)
  6 adders
  16 gnolls
  A white imp (D:7)
  2 worms (D:3)
  A dart slug (D:3)
  69 orcs
  9 endoplasms
  3 giant cockroaches
  13 goblins
  6 hobgoblins
  5 jackals
  2 quokkas
  6 ball pythons
  15 bats
  2 frilled lizards (D:2)
  2 gnoll zombies (Ossuary)
  19 kobolds
  4 kobold zombies (Ossuary)
  2 orc zombies (Ossuary)
  5 rats
  2 butterflies (Lair:1)
594 creatures vanquished.

Notes
Turn   | Place    | Note
-------+----------+-------------------------------------------
     0 | D:1      | LearnToWalk the Troll Fighter began the quest for the Orb.
     0 | D:1      | Reached XP level 1. HP: 22/22 MP: 0/0
   111 | D:1      | Reached XP level 2. HP: 24/29 MP: 1/1
   178 | D:1      | Reached skill level 3 in Unarmed Combat
   477 | D:1      | Found a hazy altar of Hepliaklqana.
   556 | D:2      | Noticed Terence
   564 | D:2      | Killed Terence
   565 | D:2      | Reached XP level 3. HP: 32/36 MP: 2/2
   626 | D:2      | Reached skill level 4 in Unarmed Combat
   853 | D:2      | Reached XP level 4. HP: 44/44 MP: 3/3
  1032 | D:2      | Found a faded altar of an unknown god.
  1342 | D:3      | Noticed Grinder
  1383 | D:3      | Killed Grinder
  1384 | D:3      | Reached skill level 6 in Unarmed Combat
  1384 | D:3      | Reached XP level 5. HP: 34/50 MP: 4/4
  1384 | D:3      | Reached XP level 6. HP: 41/59 MP: 5/5
  1684 | D:3      | Found a runed translucent door.
  1685 | D:3      | Noticed Crazy Yiuf
  1825 | D:3      | Found a large runed translucent door.
  1825 | D:3      | Found a large runed translucent door.
  1836 | D:3      | Noticed TobyConnect's ghost (amateur OpAE)
  1966 | D:3      | Noticed Sigmund
  1983 | D:3      | Killed Sigmund
  1984 | D:3      | Reached skill level 7 in Unarmed Combat
  1984 | D:3      | Reached XP level 7. HP: 41/66 MP: 6/6
  2290 | D:3      | Killed TobyConnect's ghost
  2291 | D:3      | Reached skill level 8 in Unarmed Combat
  2357 | D:3      | Killed Crazy Yiuf
  2938 | D:4      | Found a staircase to the Ecumenical Temple.
  2962 | Temple   | Entered the Ecumenical Temple
  2985 | Temple   | Became a worshipper of Warmaster Okawaru
  3188 | D:4      | Noticed Robin
  3209 | D:4      | Killed Robin
  3338 | D:4      | Reached skill level 9 in Unarmed Combat
  3484 | D:4      | Noticed Blork the orc
  3492 | D:4      | Killed Blork the orc
  3493 | D:4      | Reached XP level 8. HP: 52/74 MP: 7/7
  3741 | D:5      | Entered Level 5 of the Dungeon
  3763 | D:5      | Reached skill level 10 in Unarmed Combat
  3797 | D:5      | Reached * piety under Okawaru
  4203 | D:6      | Found Otivvori's Book Emporium.
  4411 | D:6      | Reached skill level 11 in Unarmed Combat
  4417 | D:6      | Found a sand-covered staircase.
  4422 | Ossuary  | Entered an ossuary
  5073 | D:6      | Reached XP level 9. HP: 37/80 MP: 8/8
  5080 | D:6      | Noticed Jeremiah
  5175 | D:6      | Killed Jeremiah
  5339 | D:7      | Found a broken altar of Ashenzari.
  5421 | D:7      | Reached ** piety under Okawaru
  5713 | D:7      | Reached skill level 5 in Fighting
  5747 | D:7      | Noticed Menkaure
  5749 | D:7      | Killed Menkaure
  5948 | D:7      | Noticed Maggie
  6186 | D:8      | Identified the +3 tower shield "Awkiawk" {rF+ Str+2 Dex+2}
  6260 | D:8      | Found Zaej's Jewellery Shoppe.
  6302 | D:8      | Noticed a two-headed ogre
  6311 | D:8      | Killed a two-headed ogre
  6334 | D:8      | Found a glowing silver altar of Zin.
  6335 | D:8      | Found a glowing golden altar of the Shining One.
  6388 | D:8      | Reached XP level 10. HP: 97/102 MP: 9/9
  6580 | D:8      | Found a staircase to the Lair.
  6690 | D:8      | Reached *** piety under Okawaru
  6885 | D:9      | Identified the +7 bardiche of Dedemua {heavy, SInv}
  6978 | D:9      | Paralysed by a hornet for 3 turns
  7274 | D:9      | Reached skill level 5 in Shields
  7340 | D:9      | Found a shimmering blue altar of Sif Muna.
  7453 | D:10     | Entered Level 10 of the Dungeon
  7496 | D:10     | Reached **** piety under Okawaru
  7644 | D:10     | Killed Maggie
  8031 | D:10     | Noticed a two-headed ogre
  8037 | D:10     | Killed a two-headed ogre
  8038 | D:10     | Reached XP level 11. HP: 101/115 MP: 7/10
  8175 | D:10     | Found a white marble altar of Elyvilon.
  8469 | D:11     | Reached ***** piety under Okawaru
  8480 | D:11     | Noticed a deep elf pyromancer
  8484 | D:11     | Killed a deep elf pyromancer
  8536 | D:11     | Reached skill level 10 in Fighting
  8536 | D:11     | Reached skill level 12 in Unarmed Combat
  8536 | D:11     | Reached XP level 12. HP: 127/127 MP: 11/11
  8636 | D:11     | Noticed a two-headed ogre
  8642 | D:11     | Noticed a two-headed ogre
  8648 | D:11     | Killed a two-headed ogre
  8655 | D:11     | Killed a two-headed ogre
  8819 | D:11     | Reached skill level 1 in Invocations
  8920 | D:11     | Noticed a boulder beetle
  8936 | D:11     | Killed a boulder beetle
  9017 | D:11     | Found Orofegg's Serpentskin Sales.
  9329 | D:11     | Noticed a two-headed ogre
  9337 | D:11     | Killed a two-headed ogre
  9338 | D:11     | Reached skill level 5 in Invocations
  9546 | Lair:1   | Entered Level 1 of the Lair of Beasts
  9638 | Lair:1   | Reached skill level 1 in Throwing
  9980 | Lair:1   | Received a gift from Okawaru
  9981 | Lair:1   | Reached skill level 5 in Throwing
  9990 | Lair:1   | Noticed a catoblepas
 10005 | Lair:1   | Killed a catoblepas
 10007 | Lair:1   | Reached XP level 13. HP: 129/135 MP: 14/16
 10468 | Lair:1   | Received a gift from Okawaru
 11342 | Lair:2   | Identified the +1 robe of Salvation {rPois}
 11504 | Lair:2   | Reached skill level 10 in Throwing
 11665 | Lair:2   | Found a staircase to the Swamp.
 12078 | Lair:3   | Found a staircase to the Snake Pit.
 12097 | Lair:3   | Received a gift from Okawaru
 12242 | Lair:3   | You fall into a shaft and drop 1 floor!
 12346 | Lair:4   | Found a transporter.
 12348 | Lair:4   | Found a transporter.
 12366 | Lair:4   | Noticed Vorhees's ghost (journeyman OnGl)
 12426 | Lair:3   | Noticed Josephine
 12438 | Lair:3   | Killed Josephine
 12689 | Lair:3   | Reached XP level 14. HP: 135/144 MP: 17/17
 13172 | Lair:4   | Noticed Sonja
 13185 | Lair:4   | Killed Sonja
 13356 | Lair:4   | Reached skill level 13 in Unarmed Combat
 13455 | Lair:4   | Found a staircase to the Slime Pits.
 13697 | Lair:5   | Entered Level 5 of the Lair of Beasts
 13938 | Lair:5   | Reached skill level 14 in Unarmed Combat
 14214 | Lair:5   | Identified the +6 rapier "Ixiegume" {freeze, *Corrode rPois
                  | Int+8}
 14270 | Lair:5   | Received a gift from Okawaru
 14395 | Lair:5   | Reached skill level 15 in Unarmed Combat
 14402 | Lair:5   | Identified the ring "Yhued" {Str+6 Dex+3}
 14951 | Lair:5   | Identified the +5 rapier of Risk Management {drain, Dex+3}
 14986 | Lair:5   | Reached skill level 16 in Unarmed Combat
 15480 | Lair:5   | Received a gift from Okawaru
 16190 | D:12     | Identified the +2 arbalest of Annihilation {flame, rN+
                  | Int+4}
 16309 | D:12     | Found a staircase to the Orcish Mines.
 16400 | D:12     | Reached XP level 15. HP: 151/152 MP: 18/18
 16551 | D:12     | Found Amonwett's Vocational Training.
 16802 | Orc:1    | Entered Level 1 of the Orcish Mines
 16802 | Orc:1    | Found Searem's Weapon Shop.
 16929 | Orc:1    | Noticed Erica
 16948 | Orc:1    | Killed Erica
 16955 | Orc:1    | Reached skill level 17 in Unarmed Combat
 17238 | Orc:2    | Entered Level 2 of the Orcish Mines
 17526 | Orc:2    | Paralysed by an orc sorcerer for 5 turns
 17810 | Orc:2    | Found a staircase to the Elven Halls.
 17950 | Orc:2    | Noticed Maurice
 17969 | Orc:2    | Something stole a ring of see invisible
 17970 | Orc:2    | Something stole 11 large rocks
 17976 | Orc:2    | Something stole a +0 kite shield
 17990 | Orc:2    | Something stole 463 gold
 17991 | Orc:2    | Something stole 593 gold
 17993 | Orc:2    | Something stole 317 gold
 18011 | Orc:2    | Killed Maurice
 18011 | Orc:2    | Received a gift from Okawaru
 18020 | Orc:2    | HP: 3/152 [orc warrior/+0 flail[an orc warlord] (6)]
 18020 | Orc:2    | Mangled by an orc warlord

Illustrated notes

Levels and vault maps discovered:
D:1:      dpeg_arrival_lava_altar, layout_basic
D:2:      minmay_evil_eye, layout_basic, ebering_ecumenical_altar_ruins,
          uniq_terence
D:3:      layout_basic, ebering_ghost_disaster_area,
          minmay_randomly_rotated_circles, uniq_crazy_yiuf_cottage,
          uniq_grinder, uniq_sigmund
D:4:      layout_basic, minmay_temple_entry_statues_fountains, roderic_batcave,
          uniq_blork_the_orc, uniq_robin
D:5:      layout_rooms
D:6:      layout_basic, enter_ossuary_2, serial_shops, nicolae_shop_tiny_glass,
          ebering_ghost_sewer_d, uniq_edmund, uniq_jeremiah
D:7:      layout_basic, mainiacjoe_overflow_catwalk, serial_glass,
          glass_columns_c, glass_columns_a, uniq_menkaure, uniq_maggie
D:8:      layout_loops_ring, chequers_temple_overflow_statue_of_worship,
          lair_entry_dummy, serial_shops, nicolae_shop_gaudy_bauble
D:9:      layout_rooms, led_sif_pool
D:10:     layout_cave_pools, mainiacjoe_overflow_boulevard,
          hangedman_decor_diamond_cutter
D:11:     layout_irregular_city, guppyfry_shop_venom
D:12:     layout_loops_ring, orc_0_dummy, nicolae_shop_vocational
Temple:   sentei_temple_godly_chess
Lair:1:   layout_cave_pods, nzn_random_ring, lemuel_fruit_fields
Lair:2:   layout_regular_city, mainiacjoe_swamp_entry_lozenge_pond,
          nicolae_lair_lindhole
Lair:3:   layout_roguey, dummy_snake_entry, uniq_josephine
Lair:4:   layout_misc_corridors, minmay_slime_entry_oklob_open,
          nzn_ghost_randoct, uniq_sonja
Lair:5:   due_jungle_book, layout_regular_city, hibernation_bobbens
Orc:1:    layout_caves, basic_altar, serial_shops, shop, uniq_erica,
          uniq_nergalle
Orc:2:    pubby_orc_utopia, uniq_maurice

Skill      XL: |  1  2  3  4  5  6  7  8  9 10 11 12 13 14 15 |
---------------+----------------------------------------------+-----
Unarmed Combat | 3 4 6 7 9 11 12 16 17 | 17.7
Fighting       | 7 9 10 | 10.7
Shields        | 6 8 |  8.8
Invocations    | 5 |  5.8
Throwing       | 6 12 | 12.3
Dodging        | |  2.4

Action                     |  1- 3 |  4- 6 |  7- 9 | 10-12 | 13-15 || total
---------------------------+-------+-------+-------+-------+-------++-------
  Melee: Unarmed           |    70 |    67 |   321 |   349 |  1022 ||  1829
  Throw: Large rock        |       |       |       |       |    16 ||    16
 Invoke: Heroism           |       |       |     4 |     9 |    30 ||    43
         Finesse           |       |       |       |       |     3 ||     3
    Use: Scroll            |     3 |     3 |    13 |     6 |     2 ||    27
         Potion            |       |     2 |       |     1 |     3 ||     6
   Stab: Petrified         |       |       |       |     2 |       ||     2
         Sleeping          |       |       |       |       |     2 ||     2
 Armour: Robe              |    46 |    38 |   184 |    59 |       ||   327
         Acid dragon scale |       |       |       |   132 |   537 ||   669
  Dodge: Dodged            |    18 |    19 |   102 |    68 |   201 ||   408
  Block: Kite shield       |    28 |    16 |   113 |       |       ||   157
         Tower shield      |       |       |    16 |   338 |  1007 ||  1361

Table legend: (Time is in decaauts)
 A = Elapsed time spent in this place.
 B = Non-inter-level travel time spent in this place.
 C = Inter-level travel time spent in this place.
 D = Time resting spent in this place.
 E = Time spent auto-exploring this place.
 F = Levels seen in this place.
 G = Mean time per level.
                   A        B        C        D        E       F      G
               +--------+--------+--------+--------+--------+-----+--------+
         Total |  17783 |  17004 |    779 |   3106 |  10322 |  21 |  846.8 |
       Dungeon |   9892 |   9352 |    540 |   1523 |   6164 |  12 |  824.3 |
        Temple |     35 |     35 |      0 |      0 |      0 |   1 |   35.0 |
          Lair |   6181 |   5959 |    222 |   1091 |   3486 |   5 | 1236.2 |
  Orcish Mines |   1160 |   1145 |     15 |    186 |    564 |   2 |  580.0 |
       Ossuary |    514 |    514 |      0 |    306 |    108 |   1 |  514.0 |
               +--------+--------+--------+--------+--------+-----+--------+

Top non-repeatable levels by time:
  Lair:5: 2031 daAuts
  Lair:1: 1462 daAuts
     D:3: 1449 daAuts
    D:11: 1259 daAuts
  Lair:3: 1016 daAuts
  Lair:2: 1001 daAuts
     D:4: 899 daAuts
     D:7: 850 daAuts
    D:12: 831 daAuts
    D:10: 824 daAuts
     D:2: 811 daAuts
     D:8: 738 daAuts
   Orc:2: 737 daAuts
  Lair:4: 669 daAuts
     D:9: 625 daAuts
